 Dungeon Crawl Stone Soup version bcrawl-1.41.1 (webtiles) character file.

Game seed: 2754997596900664374

309604 Grimmash the Sneak (level 8, -5/108 HPs)
             Began as a Naga Archaeologist on Apr 20, 2024.
             Was a Priest of Cheibriados.
             Slain by Duvessa
             ... wielding a +1 rapier of venom
              (10 damage)
             ... on level 5 of the Dungeon.
             The game lasted 00:06:07 (4066 turns).

Grimmash the Sneak (Naga Archaeologist)             Turns: 4066, Time: 00:06:08

Health: -5/108     AC:  5    Str: 26      XL:     8   Next: 85%
Magic:  32/32      EV: 12    Int: 23 (24) God:    Cheibriados [***...]
Gold:   282        SH:  0    Dex: 16      Spells: 12/12 levels left

rFire    + . .     GDR:     30% a - +9 staff of Wucad Mu {crush, +Abjure *Drain MP+20}
rCold    + . .     SeeInvis +   (no shield)
rNeg     + . .     Gourm    .   n - +1 robe {rF+}
rPois    +         Faith    .   d - +1 hat
rElec    .         Spirit   .   (no cloak)
rCorr    .         Reflect  .   (no gloves)
MR       +....     Clarity  +   (no barding)
Stlth    ..........             (no amulet)
HPRegen  0.28/turn              j - ring of protection from cold
MPRegen  0.23/turn              u - ring of positive energy

@: berserking, lethally poisoned (-5 -> -5), very slow
A: large, tail, swims, see invisible, deformed body, poison resistance, slowness
2, slow metabolism 1, spit poison 1, AC +2
a: Spit Poison, Bend Time, Defer, Temporal Distortion, Renounce Religion


You were on level 5 of the Dungeon.
You worshipped Cheibriados.
Cheibriados was most pleased with you.
You were hungry.

You visited 1 branch of the dungeon, and saw 5 of its levels.

You collected 282 gold pieces.

Inventory:

Hand Weapons
 a - the +9 staff of Wucad Mu (weapon) {crush, +Abjure *Drain MP+20}
   (You acquired it on level 3 of the Dungeon)

   It will always inflict at least some extra damage.
   This minimum extra damage increases with your current reserve of magical
   power.
   It affects your magic capacity (+20).
   It causes draining when unequipped.
 b - a +0 blowgun
 A - a +4 antimagic flail
Missiles
 f - 6 curare-tipped needles
 p - 99 poisoned needles
Armour
 d - a +1 hat (worn)
 n - a +1 robe of fire resistance (worn)
 v - a +0 chain mail
Jewellery
 j - a ring of protection from cold (left hand)
 u - a ring of positive energy (right hand)
 z - an uncursed ring of wizardry
Wands
 h - a wand of charming (9)
 w - a wand of acid (7)
Scrolls
 c - 2 scrolls of fear {unknown}
 g - 2 scrolls of revelation
 i - 2 scrolls of identify
 k - 2 scrolls of noise {unknown}
 m - 3 scrolls of teleportation {unknown}
 o - a scroll of enchant armour {unknown}
 q - 2 scrolls of blinking {unknown}
 s - 4 scrolls of remove curse {unknown}
 x - 2 scrolls of amnesia {unknown}
 y - a scroll of enchant weapon {unknown}
Potions
 r - a potion of brilliance
 t - a potion of haste
 C - a potion of curing {unknown}
Comestibles
 e - 11 rations {!d}
 B - 2 chunks of flesh


   Skills:
 * Level 3.7 Fighting
   Level 1.0 Short Blades
 * Level 2.0(3.8) Maces & Flails
 * Level 5.1(5.3) Staves
 * Level 2.4 Armour
 * Level 4.6 Dodging
 + Level 7.3 Stealth
 * Level 2.7 Spellcasting
 * Level 3.2 Invocations


You had 12 spell levels left.
You didn't know any spells.
Your spell library contained the following spells:

 Spells                   Type           Power        Failure   Level  Hunger
 Summon Small Mammal      Summ           #...         12%         1    None
 Call Imp                 Summ           #.....       19%         2    ##.....
 Call Canine Familiar     Summ           #.......     34%         3    ####...
 Summon Ice Beast         Ice/Summ       #.......     75%         4    #####..
 Summon Lightning Spire   Summ/Air       #.......     97%         5    #######


Dungeon Overview and Level Annotations

Branches:
Dungeon (5/12)
 Temple: D:4-7

Altars:
Cheibriados
Fedhas
Lugonu

Shops:
D:4 :

Annotations:
D:4 Ijyb
D:5 Dowan, Duvessa


Innate Abilities, Weirdness & Mutations

You cannot wear boots.
You can swim through water.
Your serpentine skin is tough. (AC +2)
You have supernaturally acute eyesight. (SInv)
Armour fits poorly on your strangely shaped body.
Your system is resistant to poisons. (rPois)
You cover ground very slowly.
You have a slow metabolism.
You can spit poison.


Message History

The orc wizard closely misses you.
No path to travel!
You barely miss the orc wizard.
The orc wizard is severely wounded.
You sock the orc wizard!
You kill the orc wizard!
Cheibriados appreciates the change of pace.
You sock Duvessa!
Duvessa is moderately wounded.
Duvessa hits you but does no damage.
The howler monkey hoots and howls with incredible vigour!
You hear an angry hiss.
You closely miss Duvessa.
Duvessa is moderately wounded.
You feel sick. Duvessa closely misses you.
You hit Duvessa.
Ssssck.
Duvessa is heavily wounded.
The howler monkey hoots and howls with incredible vigour!
Duvessa hits you with a +1 rapier of venom!
You die...

#.......###.###.###
#..................
#.............#....
#####.###......<.'....
#......##........#...#
#(.....##........#...#
#......##........#.#.#
#####'###........#.#.. #@#
#.....†..#.#.. #e#
#........#.#.[ # ###h#
#........#.#.# ...####.5o#
#........#.#.# ........eo#
#........#.#.#
....h.....##.####+#....#.#
............# #####.#
..........### #.#
........#.# #..


You could see Duvessa, Dowan, a howler monkey, a crimson imp and 2 orcs.

Vanquished Creatures
  Pikel (D:4)
  Edmund (D:5)
  A sky beast (D:4)
  2 slaves (D:4)
  A phantom (D:4)
  A water moccasin zombie (D:4)
  A centaur (D:5)
  2 crimson imps
  2 bullfrog zombies (D:4)
  5 hounds
  A bullfrog skeleton (D:4)
  2 orc wizards (D:5)
  An iguana (D:5)
  4 worker ants
  3 worker ant zombies (D:4)
  4 adders
  4 gnolls (D:3)
  A howler monkey skeleton (D:4)
  An ooze (D:1)
  An adder zombie (D:4)
  2 adder skeletons (D:4)
  A worm (D:2)
  4 dart slugs
  4 leopard geckos
  3 orcs
  3 bats
  4 giant cockroaches
  4 goblins
  6 hobgoblins
  8 jackals
  14 kobolds
  4 quokkas
  2 frilled lizards (D:1)
  2 jackal skeletons (D:4)
  A jackal zombie (D:4)
  A quokka skeleton (D:4)
  A quokka zombie (D:4)
  6 rats
109 creatures vanquished.

Vanquished Creatures (others)
  8 fungi (D:4)
  7 plants (D:4)
15 creatures vanquished.

Grand Total: 124 creatures vanquished

Notes
Turn   | Place    | Note
-------+----------+-------------------------------------------
     0 | D:1      | Grimmash the Naga Archaeologist began the quest for the
                  | Orb.
     0 | D:1      | Reached XP level 1. HP: 18/18 MP: 1/1
   102 | D:1      | Reached skill level 5 in Stealth
   220 | D:1      | Reached XP level 2. HP: 18/25 MP: 2/2
   823 | D:2      | Reached XP level 3. HP: 31/31 MP: 3/3
  1716 | D:2      | Found a snail-covered altar of Cheibriados.
  1716 | D:2      | Found a corrupted altar of Lugonu.
  1874 | D:2      | Became a worshipper of Cheibriados the Contemplative
  1962 | D:3      | Reached XP level 4. HP: 34/38 MP: 4/4
  2280 | D:3      | Reached skill level 1 in Short Blades
  2280 | D:3      | Reached skill level 1 in Armour
  2280 | D:3      | Reached XP level 5. HP: 10/44 MP: 6/6
  2280 | D:3      | Identified a scroll of acquirement
  2332 | D:3      | Identified the amulet of Keqiv Vuxt {RegenMP Slay+2} (You
                  | acquired it on level 3 of the Dungeon)
  2333 | D:3      | Found the +9 staff of Wucad Mu {crush, +Abjure *Drain
                  | MP+20}
  2594 | D:3      | Reached skill level 1 in Spellcasting
  2612 | D:3      | Reached * piety under Cheibriados
  2662 | D:3      | Reached skill level 6 in Stealth
  2733 | D:3      | Reached skill level 1 in Invocations
  3023 | D:4      | Reached XP level 6. HP: 41/52 MP: 7/7
  3123 | D:4      | Reached skill level 1 in Staves
  3133 | D:4      | Reached ** piety under Cheibriados
  3306 | D:4      | Reached XP level 7. HP: 55/61 MP: 9/9
  3402 | D:4      | Found Tak Zuy's Book Shop.
  3477 | D:4      | Noticed Pikel
  3478 | D:4      | HP: 3/91 [bullfrog zombie (5)]
  3489 | D:4      | HP: 3/91 [slave[Pikel] (1)]
  3496 | D:4      | Killed Pikel
  3497 | D:4      | Reached skill level 7 in Stealth
  3497 | D:4      | Reached XP level 8. HP: 4/69 MP: 11/11
  3497 | D:4      | Found a blossoming altar of Fedhas.
  3683 | D:4      | Noticed Edmund
  3686 | D:4      | Noticed Ijyb
  3695 | D:5      | Entered Level 5 of the Dungeon
  3931 | D:5      | Killed Edmund
  4030 | D:5      | Noticed Dowan
  4031 | D:5      | Noticed Duvessa
  4042 | D:5      | Reached *** piety under Cheibriados
  4059 | D:5      | Reached skill level 5 in Staves
  4060 | D:5      | HP: 4/108 [orc wizard/+0 dagger (4)]
  4065 | D:5      | HP: 4/108 [poisoned by a worker ant]
  4066 | D:5      | Slain by Duvessa

Skill      XL: |  1  2  3  4  5  6  7  8 |
---------------+-------------------------+-----
Stealth        | 5 6 7 |  7.3
Dodging        | 3 4 |  4.6
Short Blades   | 1 |  1.0
Maces & Flails | 2 |  2.0
Armour         | 1 2 |  2.4
Spellcasting   | 1 2 |  2.7
Invocations    | 1 2 3 |  3.2
Fighting       | 2 3 |  3.7
Staves         | 1 3 5 |  5.1

Action                   |  1- 3 |  4- 6 |  7- 9 || total
-------------------------+-------+-------+-------++-------
Melee: Whip              |    28 |       |       ||    28
       Dagger            |    81 |    72 |       ||   153
       Staff             |       |    74 |   111 ||   185
       Unarmed           |       |       |     1 ||     1
 Abil: Spit Poison       |       |     2 |     1 ||     3
  Use: Scroll            |     4 |     1 |       ||     5
       Potion            |       |     4 |     4 ||     8
 Stab: Sleeping          |    13 |     9 |     1 ||    23
       Invisible         |       |     1 |       ||     1
  Eat: Chunk             |     5 |     7 |     4 ||    16
Armor: Robe              |    34 |    45 |    25 ||   104
       Skin              |       |     1 |    15 ||    16
Dodge: Dodged            |    60 |    98 |    59 ||   217
